 Dungeon Crawl Stone Soup version 0.23.1-37-gaa34b87b72 (webtiles) character file.

Game seed: 9571148738442111898

10426 Lusmu the Basher (level 11, -28/178 HPs)
             Began as an Ogre Berserker on Mar 26, 2019.
             Was a High Priest of Trog.
             Annihilated by a phantasmal warrior (36 damage)
             ... led by a death knight
             ... on level 11 of the Dungeon on Mar 27, 2019.
             The game lasted 00:36:15 (14032 turns).

Lusmu the Basher (Ogre Berserker)                  Turns: 14032, Time: 00:36:15

Health: -28/178    AC:  3    Str: 27 (28) XL:     11   Next: 61%
Magic:  14/14      EV:  9    Int:  9      God:    Trog [*****.]
Gold:   665        SH: 16    Dex: 12      Spells: 10/10 levels left

rFire    . . .     SeeInvis .   h - +3 flail (holy)
rCold    . . .     Gourm    .   C - +0 large shield
rNeg     . . .     Faith    .   b - +0 animal skin
rPois    .         Spirit   .   (helmet restricted)
rElec    .         Reflect  .   (no cloak)
rCorr    .         Harm     .   (gloves unavailable)
MR       +....                  (boots unavailable)
Stlth    ..........             k - amulet of regeneration
HPRegen  0.79/turn              f - +4 ring of slaying
MPRegen  0.14/turn              q - +2 ring of dexterity

@: berserking (expiring), starving, very quick
A: large, unfitting armour, hooves 1, deterioration 1, robust 1, tough skin 1
a: Berserk, Trog's Hand, Brothers in Arms, Renounce Religion


You were on level 11 of the Dungeon.
You worshipped Trog.
Trog was extremely pleased with you.
You were starving.

You visited 2 branches of the dungeon, and saw 12 of its levels.

You collected 665 gold pieces.

Inventory:

Hand Weapons
 h - a +3 flail of holy wrath (weapon)
 r - a +3 mace of draining
Missiles
 n - 260 stones (quivered)
 y - 5 tomahawks of dispersal
 A - 2 throwing nets
 D - 4 javelins of returning
Armour
 b - a +0 animal skin (worn)
 C - a +0 large shield (worn)
Jewellery
 f - a +4 ring of slaying (left hand)
 k - an amulet of regeneration (around neck)
 q - a +2 ring of dexterity (right hand)
 w - an uncursed ring of see invisible
 H - an uncursed amulet of magic regeneration
Wands
 u - a wand of flame (26)
 x - a wand of paralysis (28)
 z - a wand of iceblast (31)
 E - a wand of acid (6)
Scrolls
 e - 16 scrolls of remove curse
 j - a scroll of magic mapping
 m - 4 scrolls of fog
 o - a scroll of teleportation
 t - a scroll of enchant weapon
 v - 5 scrolls of identify
 F - a scroll of holy word {unknown}
 J - a scroll of fear
Potions
 a - a potion of haste
 d - 2 potions of might
 g - 2 potions of ambrosia
 i - 4 potions of curing
 l - a potion of resistance
 p - 2 potions of flight
 s - 2 potions of agility
 B - a potion of cancellation
Miscellaneous
 I - a lightning rod (2/4)
Comestibles
 c - 15 rations
 G - a chunk of flesh


   Skills:
 - Level 7.0 Fighting
 - Level 9.2 Maces & Flails
 - Level 5.0 Throwing
 + Level 5.2 Armour
 + Level 6.4 Dodging
 - Level 5.0 Stealth
 + Level 4.9 Shields
 - Level 5.0 Evocations


You had 10 spell levels left.
You didn't know any spells.
Your spell library was empty.

Dungeon Overview and Level Annotations

Branches:
Dungeon (11/15)            Temple (0/1) D:4            Lair (1/6) D:11
    Orc (0/2) D:9

Altars:
Cheibriados
Okawaru

Shops:
D:6 (

Annotations:
D:10 2 transporters, nago's ghost, novice VSVM


Innate Abilities, Weirdness & Mutations

You are too large for most types of armour.
You have tough skin. (AC +1)
You have large cloven feet.
Your body sometimes deteriorates upon taking damage.
You are robust. (+10% HP)


Message History

Your ogre seems to slow down.
You bludgeon the death knight!! Your kick misses the death knight.
The death knight is almost dead.
You block the phantasmal warrior's attack.
You hit the death knight.
You kick the death knight, but do no damage.
The death knight is almost dead.
The death knight offers itself to Yredelemnul, and fills with unholy energy.
The freezing wraith hits your ogre!
Your ogre dies!
Your ogre's corpse disappears in a puff of smoke!
You bludgeon the death knight!!
You kill the death knight!
Trog accepts your kill.
You feel your dexterity returning.
Your lightning rod (2/4) has regained one charge.
Your damage is reflected back at you!
* * * LOW HITPOINT WARNING * * *
The phantasmal warrior hits you!!!
You die...

................##....##
..........>W....#######
..#..........##
..#....##W....#
#.........###
."........##
..........#####
.####..#z##.>.#
#..##)@...# #.#..§W...#
..#.W....## ......#.>..#
......##...# ....# ....#
.... ...### ... ..## .
..


You could see a skeletal warrior, a phantasmal warrior and a freezing wraith.

Vanquished Creatures
  A death knight (D:11)
  A spiny frog (Lair:1)
  A freezing wraith (D:11)
  2 trolls (D:11)
  Prince Ribbit (D:5)
  2 hippogriffs
  9 yaks
  A hungry ghost (D:7)
  A steam dragon (D:10)
  Duvessa (D:6)
  A porcupine (Lair:1)
  3 ice beasts
  2 sky beasts (D:11)
  2 black bears
  10 orc warriors
  2 phantoms (D:5)
  7 ogres
  3 centaurs
  A necrophage (D:11)
  2 big kobolds (D:8)
  2 bullfrogs
  Dowan (D:6)
  3 scorpions
  7 killer bees
  4 wights (D:10)
  3 crimson imps
  2 centaur zombies
  A bullfrog zombie (D:5)
  5 orc priests
  A quasit (D:9)
  A centaur skeleton (D:8)
  4 hounds
  4 bullfrog skeletons
  3 jellies
  15 orc wizards
  3 iguanas
  Ijyb (D:5)
  11 worker ants
  A hound skeleton (D:10)
  A worker ant zombie (D:5)
  7 gnolls (D:5)
  11 adders
  3 shadow imps
  An ooze (D:1)
  2 adder skeletons (D:5)
  3 worms
  4 dart slugs
  2 leopard geckos
  50 orcs
  2 ball pythons
  7 bats
  4 giant cockroaches
  6 hobgoblins
  9 jackals
  6 quokkas
  A ball python zombie (D:5)
  6 frilled lizards
  9 goblins
  A jackal skeleton (D:5)
  13 kobolds
  A quokka skeleton (D:9)
  9 rats
283 creatures vanquished.

Vanquished Creatures (collateral kills)
  2 two-headed ogres
  A manticore (D:11)
  An orc warrior (D:9)
  An ogre (D:11)
  4 killer bees (D:9)
  2 orc wizards (D:9)
  A worker ant zombie (D:9)
  2 adders
  4 orcs (D:9)
18 creatures vanquished.

Grand Total: 301 creatures vanquished

Notes
Turn   | Place    | Note
-------+----------+-------------------------------------------
     0 | D:1      | Lusmu the Ogre Berserker began the quest for the Orb.
     0 | D:1      | Reached XP level 1. HP: 24/24 MP: 1/1
   107 | D:1      | Reached skill level 3 in Maces & Flails
   107 | D:1      | Reached XP level 2. HP: 33/33 MP: 2/2
   684 | D:1      | Reached XP level 3. HP: 41/41 MP: 3/3
   891 | D:1      | Reached ** piety under Trog
  1178 | D:2      | Reached skill level 5 in Fighting
  1745 | D:3      | Reached XP level 4. HP: 48/50 MP: 4/4
  2018 | D:3      | Noticed an ogre
  2025 | D:3      | Killed an ogre
  2025 | D:3      | Reached skill level 4 in Maces & Flails
  2025 | D:3      | Reached XP level 5. HP: 59/59 MP: 5/5
  2649 | D:4      | Reached XP level 6. HP: 62/68 MP: 6/6
  2789 | D:4      | Found a staircase to the Ecumenical Temple.
  2851 | D:4      | Reached skill level 5 in Maces & Flails
  2864 | D:5      | Entered Level 5 of the Dungeon
  2874 | D:5      | Reached *** piety under Trog
  3001 | D:4      | Reached XP level 7. HP: 66/78 MP: 7/7
  3424 | D:5      | Reached skill level 6 in Maces & Flails
  3794 | D:5      | Reached skill level 7 in Maces & Flails
  4190 | D:5      | Reached XP level 8. HP: 80/87 MP: 8/8
  4241 | D:5      | Reached skill level 8 in Maces & Flails
  4557 | D:5      | Reached **** piety under Trog
  4728 | D:5      | Noticed Prince Ribbit
  4735 | D:5      | Killed Prince Ribbit
  4735 | D:5      | Reached skill level 9 in Maces & Flails
  5045 | D:5      | Noticed Ijyb
  5056 | D:5      | Paralysed by Ijyb for 2 turns
  5063 | D:5      | Paralysed by Ijyb for 7 turns
  5072 | D:5      | Killed Ijyb
  5132 | D:6      | Reached skill level 1 in Throwing
  5210 | D:6      | Reached skill level 1 in Armour
  5210 | D:6      | Reached skill level 1 in Stealth
  5210 | D:6      | Reached skill level 1 in Evocations
  5210 | D:6      | Reached XP level 9. HP: 21/93 MP: 9/9
  5800 | D:6      | Found Surah's Antique Weapon Shoppe.
  5909 | D:6      | Noticed Duvessa
  5948 | D:6      | Killed Duvessa
  5963 | D:6      | Noticed Dowan
  5969 | D:6      | Killed Dowan
  6397 | D:7      | Found an iron altar of Okawaru.
  7691 | D:8      | Reached ***** piety under Trog
  7691 | D:8      | Reached skill level 1 in Shields
  8704 | D:8      | Gained mutation: You are robust. (+10% HP) [potion of
                  | mutation]
  8704 | D:8      | Gained mutation: Your body sometimes deteriorates upon
                  | taking damage. [potion of mutation]
  8704 | D:8      | Gained mutation: You have large cloven feet. [potion of
                  | mutation]
  8743 | D:9      | Reached XP level 10. HP: 97/112 MP: 12/12
 10301 | D:9      | Noticed a two-headed ogre
 10304 | D:9      | Killed a two-headed ogre
 10313 | D:9      | Reached skill level 5 in Dodging
 10713 | D:9      | Found a staircase to the Orcish Mines.
 10820 | D:9      | Received a gift from Trog
 10939 | D:10     | Entered Level 10 of the Dungeon
 11431 | D:10     | Reached XP level 11. HP: 95/119 MP: 14/14
 11435 | D:10     | Found a transporter.
 11438 | D:10     | Noticed nago's ghost (novice VSVM)
 11439 | D:10     | Noticed a moth of wrath
 11454 | D:10     | Found a transporter.
 11507 | D:10     | Reached skill level 5 in Throwing
 11582 | D:10     | Received a gift from Trog
 11824 | D:10     | Found a snail-covered altar of Cheibriados.
 12395 | D:11     | Noticed a two-headed ogre
 12397 | D:11     | Noticed a manticore
 12402 | D:11     | Killed a manticore
 12404 | D:11     | Killed a two-headed ogre
 13248 | D:11     | Noticed a death knight
 13270 | D:11     | Found a staircase to the Lair.
 13273 | Lair:1   | Entered Level 1 of the Lair of Beasts
 13445 | Lair:1   | Reached skill level 5 in Armour
 13912 | Lair:1   | Reached skill level 5 in Stealth
 13912 | Lair:1   | Reached skill level 5 in Evocations
 14018 | D:11     | Noticed a skeletal warrior
 14019 | D:11     | Noticed a phantasmal warrior
 14029 | D:11     | HP: 8/178 [phantasmal warrior[a death knight] (6)]
 14032 | D:11     | Killed a death knight
 14032 | D:11     | Annihilated by a phantasmal warrior

Skill      XL: |  1  2  3  4  5  6  7  8  9 10 11 |
---------------+----------------------------------+-----
Maces & Flails | 3 4 5 7 9 |  9.2
Fighting       | 5 6 7 |  7.0
Throwing       | 1 3 4 5 |  5.0
Dodging        | 3 4 5 6 |  6.4
Armour         | 1 2 4 5 |  5.2
Stealth        | 1 2 4 5 |  5.0
Evocations     | 1 2 4 5 |  5.0
Shields        | 1 3 4 |  4.9

Action                   |  1- 3 |  4- 6 |  7- 9 | 10-12 || total
-------------------------+-------+-------+-------+-------++-------
Melee: Mace              |    93 |    82 |   311 |   262 ||   748
       Flail             |       |       |     4 |    15 ||    19
       Kick              |       |       |     2 |    82 ||    84
Invok: Berserk           |       |     2 |     3 |     2 ||     7
       Brothers in Arms  |       |       |       |     3 ||     3
Evoke: Wand              |       |       |     1 |     8 ||     9
       Lightning rod     |       |       |       |     3 ||     3
  Use: Scroll            |     7 |     5 |     7 |     5 ||    24
       Potion            |       |     1 |     3 |     1 ||     5
 Stab: Sleeping          |       |       |     4 |     2 ||     6
       Paralysed         |       |       |     3 |       ||     3
  Eat: Chunk             |     3 |     5 |    18 |    11 ||    37
       Ration            |       |       |     1 |     2 ||     3
Armor: Animal skin       |    37 |    18 |    55 |    40 ||   150
Dodge: Dodged            |    57 |    46 |   173 |    71 ||   347
Block: Large shield      |       |       |       |   218 ||   218
